 Dungeon Crawl Stone Soup version 0.24.1-14-gf8d2b509d9 (webtiles) character file.

Game seed: 837830733330269878, levelgen mode: deterministic

63 tkbsonic5 the Poker (level 4, 0/35 HPs)
             Began as a Merfolk Gladiator on Sept 16, 2023.
             Was an Initiate of Ashenzari.
             Succumbed to an adder's poison
             ... on level 3 of the Dungeon.
             The game lasted 00:05:27 (1057 turns).

tkbsonic5 the Poker (Merfolk Gladiator)             Turns: 1057, Time: 00:05:28

Health: 0/35       AC:  6    Str: 15    XL:     4   Next: 9%
Magic:  4/4        EV: 13    Int:  7    God:    Ashenzari [......]
Gold:   59         SH:  0    Dex: 15    Spells: 3/3 levels left

rFire    . . .     SeeInvis .   a - +0 trident {(1,9+)}
rCold    . . .     Gourm    .   (no shield)
rNeg     . . .     Faith    .   g - +0 ring mail
rPois    .         Spirit   .   c - +0 helmet
rElec    .         Reflect  .   (no cloak)
rCorr    .         Harm     .   (no gloves)
MR       .....                  (no boots)
Stlth    +.........             (no amulet)
HPRegen  0.11/turn              (no ring)
MPRegen  0.09/turn              (no ring)

@: lethally poisoned (0 -> -4), very slightly contaminated, invisible
A: change form in water, swift swim, stealthy swim
a: Curse Item, Renounce Religion


You were on level 3 of the Dungeon.
You worshipped Ashenzari.
Ashenzari was noncommittal.
You were hungry.

You visited 1 branch of the dungeon, and saw 3 of its levels.

You collected 59 gold pieces.

Inventory:

Hand Weapons
 a - a +0 trident (weapon) {(1,9+)}
 h - a +2 dagger of flaming {(8++,4++)}
Missiles
 d - 3 throwing nets
 e - 4 poisoned darts (quivered)
Armour
 b - a +0 leather armour
 c - a +0 helmet (worn)
 g - a +0 ring mail (worn)
Scrolls
 l - a scroll of enchant armour
Comestibles
 f - 4 rations


   Skills:
 * Level 3.4 Fighting
 * Level 5.6 Polearms
 - Level 2.0 Throwing
 + Level 4.5 Dodging


You had 3 spell levels left.
You didn't know any spells.
Your spell library was empty.

Dungeon Overview and Level Annotations

Branches:
Dungeon (3/15)

Altars:
Ashenzari


Message History

Aim: a rat (poisoned, hasn't noticed you)
You throw a poisoned dart. The poisoned dart hits the rat.
The rat looks even sicker.
Unknown command.
Attack whom?
Press: ? - help, Dir - move target cursor, f/p - rat
Aim: a rat (poisoned, hasn't noticed you)
You reach to attack!
You puncture the rat!
You kill the rat!
* * * LOW HITPOINT WARNING * * *
You feel sick.
There is a shattered altar of Ashenzari here.
You kneel at the altar of Ashenzari.
Ashenzari welcomes you!
You can now curse your items.
You need a scroll of remove curse to do this.
Really read the scroll of noise?
As you read the scroll of noise, it crumbles to dust.
You hear a loud clanging noise!
You die...

#####.# #.....#
####.###.####
#...........### #
..####.####...####.#
##.....##.....<..#
#.......#.#.#.##.#
...#.......#.#.#.# #
.......@.....#.#.#
.<.#...†...#.....#
#(.#...(...#...###
.# ##.....##.#.#
###.### ... ... #(.
#..


There were no monsters in sight!

Vanquished Creatures
  2 adders
  2 worms (D:2)
  2 dart slugs (D:2)
  4 leopard geckos
  3 bats (D:1)
  3 giant cockroaches
  2 goblins (D:1)
  2 hobgoblins (D:2)
  A quokka (D:2)
  A ball python (D:1)
  7 kobolds
  4 rats
33 creatures vanquished.

Notes
Turn   | Place    | Note
-------+----------+-------------------------------------------
     0 | D:1      | tkbsonic5 the Merfolk Gladiator began the quest for the
                  | Orb.
     0 | D:1      | Reached XP level 1. HP: 16/16 MP: 1/1
    94 | D:1      | Reached XP level 2. HP: 19/23 MP: 2/2
   489 | D:2      | Reached skill level 5 in Polearms
   489 | D:2      | Reached XP level 3. HP: 26/28 MP: 3/3
  1024 | D:3      | Found a shattered altar of Ashenzari.
  1041 | D:3      | Reached XP level 4. HP: 9/35 MP: 4/4
  1054 | D:3      | HP: 1/35 [poisoned by an adder]
  1056 | D:3      | Became a worshipper of Ashenzari the Shackled
  1057 | D:3      | Succumbed to an adder's poison

Levels and vault maps discovered:
D:1:      psy_arrival_fountain, layout_rooms
D:2:      layout_basic
D:3:      layout_loops_ring, old_standard_altar, first_ration,
          nemelex_xobeh_ov_fountains_minmay, uniq_jessica

Skill      XL: |  1  2  3 |
---------------+----------+-----
Polearms       | 5 |  5.6
Fighting       | 3 |  3.4
Throwing       | |  2.0
Dodging        | |  4.5

Action                   |  1- 3 |  4- 6 || total
-------------------------+-------+-------++-------
Melee: Trident           |    65 |     2 ||    67
       Dagger            |    18 |       ||    18
Throw: Dart              |    45 |     4 ||    49
  Use: Scroll            |     1 |     2 ||     3
       Potion            |     1 |       ||     1
Armor: Leather armour    |     3 |       ||     3
       Ring mail         |    13 |       ||    13
Dodge: Dodged            |    43 |       ||    43
